 Dungeon Crawl Stone Soup version 0.21.1-1-g345015f (webtiles) character file.

29 sking99 the Stinger (level 3, 0/19 HPs)
             Began as a Deep Elf Venom Mage on June 23, 2018.
             Slain by an ooze (3 damage)
             ... on level 1 of the Dungeon.
             The game lasted 00:06:18 (1315 turns).

sking99 the Stinger (Deep Elf Venom Mage)           Turns: 1315, Time: 00:06:18

Health: 0/19       AC:  2    Str:  5    XL:     3   Next: 1%
Magic:  8/10       EV: 13    Int: 20    God:
Gold:   49         SH:  0    Dex: 15    Spells: 6/9 levels left

rFire    . . .     SeeInvis .   h - +0 dagger
rCold    . . .     Gourm    .   (no shield)
rNeg     . . .     Faith    .   a - +0 robe
rPois    .         Spirit   .   (no helmet)
rElec    .         Reflect  .   (no cloak)
rCorr    .         Harm     .   (no gloves)
MR       .....                  (no boots)
Stlth    ++........             (no amulet)
HPRegen  0.06/turn              (no ring)
MPRegen  0.12/turn              (no ring)

@: no status effects
A: no striking features
a: no special abilities


You were on level 1 of the Dungeon.
You were hungry.

You visited 1 branch of the dungeon, and saw 1 of its levels.

You collected 49 gold pieces.

Inventory:

Hand Weapons
 h - a +0 dagger (weapon)
Armour
 a - a +0 robe (worn)
Jewellery
 d - an uncursed ring of protection from fire {unknown}
 e - an uncursed ring of positive energy {unknown}
Scrolls
 i - a scroll of immolation {unknown}
Potions
 g - a potion of heal wounds {unknown}
 j - a potion of resistance {unknown}
 k - a potion of lignification {unknown}
Books
 b - a Young Poisoner's Handbook

   Spells                             Type                      Level
   a - Sting                          Conjuration/Poison           1
   b - Poisonous Vapours              Poison/Air                   2
   c - Mephitic Cloud                 Conjuration/Poison/Air       3
   d - Olgreb's Toxic Radiance        Poison                       4
   e - Venom Bolt                     Conjuration/Poison           5
Comestibles
 c - 3 rations


   Skills:
 - Level 2.4 Dodging
 - Level 2.4 Stealth
 + Level 3.6 Spellcasting
 + Level 2.0 Conjurations
 + Level 0.8 Air Magic
 + Level 3.6 Poison Magic


You had 6 spell levels left.
You knew the following spells:

 Your Spells              Type           Power        Failure   Level  Hunger
a - Sting                 Conj/Pois      ###.         4%          1    None
b - Poisonous Vapours     Pois/Air       ##....       8%          2    ##.....


Dungeon Overview and Level Annotations

Branches:
Dungeon (1/15)

Altars:


Message History

The giant cockroach is engulfed in poison gas.
The giant cockroach is poisoned.
You kill the giant cockroach!
You have reached level 3!
Your experience leads to an increase in your attributes!
Increase (S)trength, (I)ntelligence, or (D)exterity?
You feel clever.
Casting: Poisonous Vapours
Confirm with . or Enter, or press ? or * to list all spells.
Aiming: Poisonous Vapours
Press: ? - help, Dir - move target cursor, f - rat
Aim: a rat Poisonous vapours surround the rat!
The rat is poisoned.
The ooze hits you.
* * * LOW HITPOINT WARNING * * *
You kill the rat!
You see here 16 stones.
The ooze hits you.
* * * LOW HITPOINT WARNING * * *
The ooze hits you.
You die...

#........##..#..).#########
#..#####.##..#............#
#.[# #.##.....#.#######.#
#..#####.##.###.#.# #.#
#.....##.##(###+#.# #.#
#.###.##.##.......# #.### #.#
#.##.####..?..## ###....
#.###.##.###(J.....## #....).
#.......†##.@.......# #....#.
###.......'.........+........
##...####.........###....#.
####.?.#####.......## #.#...#
#.....>...###.....## #.##.#
#.........# ##...## #. #.#
#.........# ##'## ..
####...#### #.# # #...# #.#


You could see an ooze.

Vanquished Creatures
  A giant cockroach (D:1)
  2 goblins (D:1)
  7 hobgoblins (D:1)
  4 jackals (D:1)
  4 bats (D:1)
  4 frilled lizards (D:1)
  2 kobolds (D:1)
  2 rats (D:1)
26 creatures vanquished.

Notes
Turn   | Place    | Note
-------+----------+-------------------------------------------
     0 | D:1      | sking99 the Deep Elf Venom Mage began the quest for the Orb.
     0 | D:1      | Reached XP level 1. HP: 10/10 MP: 6/6
   221 | D:1      | Reached XP level 2. HP: 14/15 MP: 2/8
   225 | D:1      | Learned a level 2 spell: Poisonous Vapours
  1288 | D:1      | Reached XP level 3. HP: 8/19 MP: 7/10
  1315 | D:1      | Slain by an ooze

Skill      XL: |  1  2 |
---------------+-------+-----
Conjurations   | 2 |  2.0
Dodging        | |  2.4
Stealth        | |  2.4
Spellcasting   | |  3.6
Air Magic      | |  0.8
Poison Magic   | |  3.6

Action                   || total
-------------------------++-------
Melee: Unarmed           ||     1
       Dagger            ||     7
 Cast: Sting             ||    23
       Poisonous Vapours ||    18
  Eat: Chunk             ||     1
Armor: Robe              ||     1
Dodge: Dodged            ||    13
